[Event "*** Qualifier 1: Titled Tuesday 3|2 Blitz"]
[Site "Chess.com"]
[Date "2017.04.04"]
[Round "10"]
[White "GameOverBro"]
[Black "HaryKane"]
[Result "0-1"]
[WhiteElo "2249"]
[BlackElo "2397"]
[TimeControl "180+2"]
[EndTime "15:15:43 PDT"]
[Termination "HaryKane won by resignation"]

1. e4 e6 2. d4 d5 3. Nd2 Nf6 4. e5 Nfd7 5. f4 c5 6. c3 Nc6 7. Ndf3 cxd4 8. cxd4 Bb4+ 9. Kf2 O-O 10. Bd3 f6 11.
Kg3 fxe5 12. fxe5 Be7 13. h4 b6 14. Bxh7+ Kxh7 15. Ng5+ Kg8 16. Qh5 Bxg5 17. hxg5 Rf5 18.
Nf3 Nf8 19. Be3 Ne7 20. Qh8+ Kf7 21. g6+ Nexg6 22. Rh7 Nxh8 0-1

[Event "*** Qualifier 1: Titled Tuesday 3|2 Blitz"]
[Site "Chess.com"]
[Date "2017.04.04"]
[Round "10"]
[White "TheNextLevelFan"]
[Black "Sethu0025"]
[Result "1-0"]
[WhiteElo "2381"]
[BlackElo "2567"]
[TimeControl "180+2"]
[EndTime "15:16:15 PDT"]
[Termination "TheNextLevelFan won by resignation"]

1. d4 g6 2. e4 Bg7 3. Nc3 d6 4.
Bc4 a6 5. a4 b6 6. Nf3 Bb7 7.
O-O e6 8. Re1 Ne7 9. Bf4 h6 10.
Qd2 Nd7 11. h3 Kf8 12. Rad1 Kg8 13. Qe2 Kh7 14. e5 d5 15. Bd3 c5 16. dxc5 Nxc5 17. Nd4 Nxd3 18. Rxd3 Rc8 19. h4 Rc4 20. b3 Rc7 21.
Rf3 Qc8 22. Bd2 Rf8 23. Qd3 Kg8 24. h5 gxh5 25. Rh3 Ng6 26. Rxh5 Kh7 27. Qh3 Kg8 28. Re3 b5 29. Rg3 b4 30. Nce2 Rxc2 31. Bxh6 Rxe2 32.
Nxe2 Bxe5 33. Rxe5 1-0

[Event "*** Qualifier 1: Titled Tuesday 3|2 Blitz"]
[Site "Chess.com"]
[Date "2017.04.04"]
[Round "10"]
[White "GeorgMeier"]
[Black "kleinebeer98"]
[Result "1-0"]
[WhiteElo "2708"]
[BlackElo "2500"]
[TimeControl "180+2"]
[EndTime "15:16:17 PDT"]
[Termination "GeorgMeier won by checkmate"]

1. Nf3 Nf6 2. g3 b5 3. Bg2 Bb7 4.
O-O e6 5. d3 d5 6. c4 bxc4 7.
dxc4 Be7 8. cxd5 exd5 9. Qb3 Qc8 10. Nc3 O-O 11. Nd4 Rd8 12. Bg5 Nbd7 13. Nf5 Bf8 14.
Nxd5 Nc5 15. Nde7+ Kh8 16. Qxf7 Bxg2 17. Bxf6 Qe6 18.
Bxg7+ Bxg7 19. Qxg7# 1-0

[Event "*** Qualifier 1: Titled Tuesday 3|2 Blitz"]
[Site "Chess.com"]
[Date "2017.04.04"]
[Round "10"]
[White "Osensei"]
[Black "peteseeger"]
[Result "0-1"]
[WhiteElo "1663"]
[BlackElo "2100"]
[TimeControl "180+2"]
[EndTime "15:16:34 PDT"]
[Termination "peteseeger won by resignation"]

1. e4 c5 2. Nf3 e6 3. d4 cxd4 4.
Nxd4 Nc6 5. Nb5 d6 6. Bf4 e5 7. Be3 a6 8. N5c3 Nf6 9. Nd2 Be6 10. a4 Be7 11. Nc4 O-O 12. Nb6 Rb8 13. Be2 Nd7 14.
Nbd5 f5 15. exf5 Bxf5 16. Bg4 Bg5 17. O-O Bxe3 18. Nxe3 Bxg4 19. Qxg4 Nf6 20. Qe6+ Kh8 21. Rad1 Nd4 22. Ncd5 Nxe6 0-1

[Event "*** Qualifier 1: Titled Tuesday 3|2 Blitz"]
[Site "Chess.com"]
[Date "2017.04.04"]
[Round "10"]
[White "Gabix_94"]
[Black "SmoothAsAHedgehog"]
[Result "1-0"]
[WhiteElo "2521"]
[BlackElo "2521"]
[TimeControl "180+2"]
[EndTime "15:17:15 PDT"]
[Termination "Gabix_94 won by checkmate"]

1. e4 e5 2. Nf3 Nc6 3. Nc3 Nf6 4.
Be2 Bb4 5. Nd5 Ba5 6. c3 d6 7. a4 a6 8. b4 Bb6 9. Nxb6 cxb6 10. d3 O-O 11. O-O Be6 12. Ng5 Bd7 13. f4 h6 14. Nf3 b5 15. Kh1 bxa4 16. Rxa4 Re8 17. Ra2 exf4 18. Bxf4 d5 19. e5 Nh5 20. Bc1 g5 21. Nxg5 hxg5 22. Bxh5 Nxe5 23. Raf2 Be6 24. Rf6 Nd7 25. Bxg5 Nxf6 26. Bxf6 Qd6 27. Qd2 Qf8 28. Qg5+ Kh7 29. Qh4 Kg8 30. Bg4 Qxb4 31. Qh8# 1-0

[Event "*** Qualifier 1: Titled Tuesday 3|2 Blitz"]
[Site "Chess.com"]
[Date "2017.04.04"]
[Round "10"]
[White "Robin-Side"]
[Black "Duhless"]
[Result "0-1"]
[WhiteElo "2428"]
[BlackElo "2717"]
[TimeControl "180+2"]
[EndTime "15:17:38 PDT"]
[Termination "Duhless won by resignation"]

1. d4 c6 2. c4 d5 3. Nc3 Nf6 4. e3 g6 5. Nf3 Bg7 6. Be2 O-O 7. O-O Nbd7 8. b4 dxc4 9. Bxc4 Nb6 10.
Be2 Nfd5 11. Nxd5 cxd5 12. Bd2 Bg4 13. h3 Bxf3 14. Bxf3 Nc4 15. b5 Rc8 16. Bb4 Re8 17.
a4 e6 18. Rc1 Bf8 19. Bxf8 Kxf8 20. Be2 Qa5 21. Bxc4 Rxc4 22. Rxc4 dxc4 23. Qc2 Rc8 24. Rc1 c3 25. Qb3 Qc7 26. Rc2 b6 27. Kf1 e5 28.
d5 Qc4+ 29. Qxc4 Rxc4 30. Ke2 e4 31. g4 f5 32. gxf5 gxf5 33. f3 Ke7 34. fxe4 fxe4 35. Rc1 Kd6 36. h4 Kxd5 37. h5 h6 38. Rf1 c2 39. Kd2 c1=Q+ 40. Rxc1 Rxc1 41. Kxc1 Kc4 42. Kc2 Kb4 43. Kb2 Kxa4 44. Kc3 Kxb5 45. Kd4 a5 46. Kxe4 a4 47. Kf5 a3 48. Kg6 a2 49. Kxh6 a1=Q 50. Kg6 Qe5 0-1

[Event "*** Qualifier 1: Titled Tuesday 3|2 Blitz"]
[Site "Chess.com"]
[Date "2017.04.04"]
[Round "10"]
[White "jposthuma"]
[Black "Titus369"]
[Result "0-1"]
[WhiteElo "2215"]
[BlackElo "2203"]
[TimeControl "180+2"]
[EndTime "15:18:10 PDT"]
[Termination "Titus369 won by resignation"]

1. b3 e5 2. Bb2 Nc6 3. e3 Nf6 4. Bb5 d6 5. d4 exd4 6. Bxd4 Be7 7. Nf3 O-O 8. Bxc6 bxc6 9. O-O c5 10. Bb2 Bb7 11.
Nbd2 d5 12. Qe2 Bd6 13. Rfd1 Qe7 14. Nf1 a5 15. Ng3 Ba6 16. Qd2 Bxg3 17. hxg3 c6 18.
Re1 Ne4 19. Qxa5 Bb5 20. Qb6 Rfb8 21. Qxb8+ Rxb8 22. a4 Ba6 23. Ne5 Qd6 24. Rad1 f6 25. Nf3 Qe6 26. Ba3 Qf5 27. g4 Qxg4 28. Nh2 Qh4 29. g3 Qh5 30. Kg2 Nxf2 31. g4 Qh3+ 32.
Kxf2 Qxh2+ 33. Kf3 Qxc2 34. Rc1 Qe4+ 35. Kf2 Qxg4 36.
Bxc5 Qf5+ 37. Kg3 Bd3 38. Bd4 Be4 39. Rf1 Qg5+ 40. Kf2 Qg2+ 41. Ke1 Bd3 42. Rf2 Qg1+ 43. Kd2 Qxf2+ 44. Kxd3 Rxb3+ 45. Bc3 Qf5+ 46. Kd4 Qe4+ 47. Kc5 Qc4+ 48. Kd6 Rxc3 49. Rb1 Rb3 50. Re1 Qb4+ 0-1

[Event "*** Qualifier 1: Titled Tuesday 3|2 Blitz"]
[Site "Chess.com"]
[Date "2017.04.04"]
[Round "10"]
[White "BogdanDeac"]
[Black "Rodalquilar"]
[Result "1-0"]
[WhiteElo "2388"]
[BlackElo "2535"]
[TimeControl "180+2"]
[EndTime "15:18:29 PDT"]
[Termination "BogdanDeac won by checkmate"]

1. e4 e5 2. Nf3 Nc6 3. Bc4 Bc5 4.
O-O Nf6 5. d3 d6 6. c3 Bb6 7. a4 a5 8. Re1 Ne7 9. d4 Ng6 10. Be3 exd4 11. Bxd4 Bxd4 12. cxd4 O-O 13. Nc3 c6 14. e5 Ne8 15. d5 Bg4 16. exd6 Nxd6 17.
Be2 Nf4 18. dxc6 bxc6 19. Ne5 Bxe2 20. Nxe2 Nxe2+ 21. Rxe2 Nf5 22. Nxc6 Qb6 23. Qd5 Rac8 24. Rc2 g6 25. g4 Rfd8 26. Nxd8 Rxc2 27. Qxf7+ Kh8 28.
Qf8# 1-0

[Event "*** Qualifier 1: Titled Tuesday 3|2 Blitz"]
[Site "Chess.com"]
[Date "2017.04.04"]
[Round "10"]
[White "dolynachess"]
[Black "donotreadit"]
[Result "0-1"]
[WhiteElo "2319"]
[BlackElo "2488"]
[TimeControl "180+2"]
[EndTime "15:18:54 PDT"]
[Termination "donotreadit won by resignation"]

1. Nf3 d5 2. c4 c6 3. d4 e6 4. Nc3 dxc4 5. g3 b5 6. Bg2 Bb7 7. Ne5 Nd7 8. Nxb5 Nxe5 9. dxe5 Qxd1+ 10. Kxd1 O-O-O+ 11. Nd6+ Bxd6 12. exd6 Rxd6+ 13. Kc2 c5 14.
Bf4 Rd7 15. Bxb7+ Kxb7 16. Rhd1 Nf6 17. Rxd7+ Nxd7 18. Rd1 Nb6 19. g4 f6 20. Rd6 e5 21.
Be3 Rc8 22. h4 h6 23. g5 hxg5 24. hxg5 Rc6 25. Rd8 Rc7 26. Kc3 fxg5 27. Bxg5 Kc6 28. e4 Rf7 29. Be3 Na4+ 30. Kxc4 Nxb2+ 31. Kb3 Rb7+ 32. Kc2 Na4 33. Rc8+ Kd7 34. Rg8 Kc6 35. Rc8+ Kb5 36. Kb3 Ka5+ 37. Kc4 Nb6+ 38. Kxc5 Nxc8 0-1

[Event "*** Qualifier 1: Titled Tuesday 3|2 Blitz"]
[Site "Chess.com"]
[Date "2017.04.04"]
[Round "10"]
[White "politeplayer"]
[Black "evgenyermolaev"]
[Result "1-0"]
[WhiteElo "2138"]
[BlackElo "2344"]
[TimeControl "180+2"]
[EndTime "15:18:58 PDT"]
[Termination "politeplayer won by resignation"]

1. e4 c5 2. Nf3 d6 3. d4 cxd4 4.
Nxd4 Nf6 5. Nc3 a6 6. Bc4 e6 7.
O-O Be7 8. Bb3 O-O 9. f4 b5 10. e5 dxe5 11. fxe5 Bc5 12. Be3 Nd5 13. Nxd5 exd5 14.
c3 Bb7 15. Qd3 Nd7 16. Bc2 g6 17. Bh6 Nxe5 18. Qg3 Re8 19. Bg5 Qb6 20. Rad1 Nc4 21. Bf6 Nxb2 22. Rf4 Nxd1 23. Rh4 Bd6 24. Rxh7 Re1+ 25.
Qxe1 Bxh2+ 26. Rxh2 Qxf6 27. Bxd1 Rc8 28. Rh3 b4 29. Rf3 Qg7 30. Nf5 gxf5 31. Rg3 bxc3 32. Rxg7+ Kxg7 33. Qg3+ Kf6 34. Qd6+ Kg7 35. Bc2 Re8 36.
Kf2 Re6 37. Qg3+ Kf6 38. Qxc3+ Re5 39. Kg3 1-0

[Event "*** Qualifier 1: Titled Tuesday 3|2 Blitz"]
[Site "Chess.com"]
[Date "2017.04.04"]
[Round "10"]
[White "biostatistician"]
[Black "Usurpov"]
[Result "0-1"]
[WhiteElo "2450"]
[BlackElo "2352"]
[TimeControl "180+2"]
[EndTime "15:19:09 PDT"]
[Termination "Usurpov won by resignation"]

1. d4 Nf6 2. Nf3 g6 3. c4 Bg7 4. Nc3 d5 5. cxd5 Nxd5 6. e4 Nxc3 7. bxc3 c5 8. Be3 Nc6 9. Rc1 Qa5 10. Qd2 cxd4 11.
cxd4 O-O 12. Qxa5 Nxa5 13. Bd3 b6 14. Rc7 e6 15. Ke2 Bb7 16. Rhc1 Rac8 17. Bf4 Rxc7 18. Rxc7 Rc8 19. Rxc8+ Bxc8 20. Ke3 f6 21. Bd6 Bf8 22.
Bxf8 Kxf8 23. e5 Bb7 24. Be4 Nc4+ 25. Kd3 Nb2+ 26. Kc2 Bxe4+ 27. Kxb2 Bxf3 28. gxf3 fxe5 29. dxe5 Ke7 30. Kc3 Kd7 31. Kd4 Kc6 32. h4 b5 33.
Ke4 a5 34. Kf4 h6 35. Kg4 Kd5 36. f4 b4 37. h5 gxh5+ 38. Kxh5 a4 39. Kxh6 b3 40.
axb3 axb3 0-1

[Event "*** Qualifier 1: Titled Tuesday 3|2 Blitz"]
[Site "Chess.com"]
[Date "2017.04.04"]
[Round "10"]
[White "Schemato"]
[Black "iaraldinho"]
[Result "0-1"]
[WhiteElo "2246"]
[BlackElo "2388"]
[TimeControl "180+2"]
[EndTime "15:19:20 PDT"]
[Termination "iaraldinho won by resignation"]

1. c4 f5 2. g3 Nf6 3. Bg2 g6 4.
Nc3 Bg7 5. d3 O-O 6. e4 d6 7.
Nge2 c6 8. O-O e5 9. exf5 Bxf5 10. d4 e4 11. d5 Qe7 12. h3 h5 13. Bg5 Nbd7 14. Qd2 Rae8 15. Rad1 c5 16. Rde1 Ne5 17. b3 Qd7 18. Nf4 Nf3+ 19. Bxf3 exf3 20. Kh2 Nh7 21. h4 Nxg5 22. hxg5 Be5 23. Ne4 Kg7 24. Ne6+ Bxe6 25. dxe6 Qxe6 26. Nf6 h4 27. Nxe8+ Rxe8 28. Qd5 hxg3+ 29.
fxg3 Rh8+ 30. Kg1 Rh1+ 31. Kf2 Rh2+ 32. Kg1 Rg2+ 0-1

[Event "*** Qualifier 1: Titled Tuesday 3|2 Blitz"]
[Site "Chess.com"]
[Date "2017.04.04"]
[Round "10"]
[White "Bugcrusher"]
[Black "Zhani-Z"]
[Result "0-1"]
[WhiteElo "2442"]
[BlackElo "2411"]
[TimeControl "180+2"]
[EndTime "15:19:21 PDT"]
[Termination "Zhani-Z won by resignation"]

1. d4 e6 2. e4 d5 3. e5 c5 4. c3 Qb6 5. Nf3 Nc6 6. Na3 Nh6 7.
Bd3 cxd4 8. cxd4 Nb4 9. Bb1 Qa6 10. Bxh6 gxh6 11. Qd2 Bd7 12. Nc2 Nd3+ 13. Kf1 Nxe5+ 14. Ke1 Nd3+ 15. Kf1 Ne5+ 16. Ke1 Nxf3+ 17. gxf3 Rc8 18. a3 Ba4 19. Ne3 Rg8 20. Ng4 Be7 21. Bd3 Qb6 22. Ke2 h5 23. Ne5 f6 24. Bxh7 Rg7 25.
Qh6 Rxh7 26. Qg6+ Kd8 27. Qg8+ Be8 28. Qxh7 fxe5 29. dxe5 Qxb2+ 30. Kf1 Qxa1+ 31. Kg2 Qxe5 32. Rd1 Bd6 33. Kf1 Bb5+ 0-1

[Event "*** Qualifier 1: Titled Tuesday 3|2 Blitz"]
[Site "Chess.com"]
[Date "2017.04.04"]
[Round "10"]
[White "Alex_Molchanov"]
[Black "Noukii"]
[Result "1-0"]
[WhiteElo "2396"]
[BlackElo "2625"]
[TimeControl "180+2"]
[EndTime "15:19:22 PDT"]
[Termination "Alex_Molchanov won by resignation"]

1. d4 d5 2. c4 c6 3. Nc3 Nf6 4. e3 a6 5. Qc2 e6 6. Nf3 Nbd7 7. b3 Bb4 8. Bd2 O-O 9. a3 Bd6 10.
Bd3 Qe7 11. e4 e5 12. cxd5 cxd5 13. O-O exd4 14. Nxd5 Nxd5 15. exd5 Ne5 16. Bxh7+ Kh8 17. Nxe5 Qxe5 18. f4 Qh5 19. Be4 Bd7 20. a4 Rfe8 21. Qd3 Bc5 22. Rae1 b5 23. b4 Ba7 24. a5 Rac8 25. Bf3 Qh6 26. Re5 f6 27. Rh5 Qxh5 28.
Bxh5 Re3 29. Bxe3 dxe3 30. Be2 f5 31. g4 fxg4 32. Kg2 Rf8 33. Kg3 Bf5 34. Qc3 Rf6 35. Rc1 Rh6 36. Bxg4 1-0

[Event "*** Qualifier 1: Titled Tuesday 3|2 Blitz"]
[Site "Chess.com"]
[Date "2017.04.04"]
[Round "10"]
[White "amaidel"]
[Black "macko06"]
[Result "1-0"]
[WhiteElo "2484"]
[BlackElo "2347"]
[TimeControl "180+2"]
[EndTime "15:19:33 PDT"]
[Termination "amaidel won by resignation"]

1. d4 Nf6 2. Nf3 e6 3. g3 d5 4. Bg2 Be7 5. O-O O-O 6. c4 dxc4 7. Ne5 Nc6 8. Bxc6 bxc6 9. Nxc6 Qe8 10. Nxe7+ Qxe7 11. Nd2 e5 12. dxe5 Qxe5 13. Nxc4 Qc5 14. Qc2 Bh3 15.
Re1 Qc6 16. f3 Rfe8 17. Be3 Rxe3 18. Nxe3 Qb6 19. Qb3 Qc5 20. Rac1 Qe7 21. Ng2 Qe5 22. Qc3 Qb5 23. Qc6 Qb8 24. b3 a5 25. Qxc7 Qe8 26.
e4 h5 27. Nf4 Bd7 28. e5 Nh7 29. Nxh5 Ng5 30. Qc3 Rc8 31. Qe3 Nh3+ 32. Kg2 Rb8 33. Nf4 Ng5 34. h4 Nh7 35. e6 fxe6 36. Nxe6 Qg6 37. Nf4 Qf7 38. Qe5 Nf6 39. Qxb8+ 1-0

[Event "*** Qualifier 1: Titled Tuesday 3|2 Blitz"]
[Site "Chess.com"]
[Date "2017.04.04"]
[Round "10"]
[White "nonscitis"]
[Black "Th3ChessViking"]
[Result "1-0"]
[WhiteElo "2368"]
[BlackElo "2321"]
[TimeControl "180+2"]
[EndTime "15:19:54 PDT"]
[Termination "nonscitis won on time"]

1. e4 e6 2. d4 d5 3. Nd2 Nf6 4. e5 Nfd7 5. Bd3 c5 6. c3 Nc6 7.
Ne2 cxd4 8. cxd4 f6 9. exf6 Nxf6 10. O-O Bd6 11. Nf3 Qc7 12. h3 O-O 13. Be3 Bd7 14.
Rc1 Rae8 15. Nc3 a6 16. Re1 Bc8 17. a3 g6 18. Bh6 Bf4 19. Bxf8 Bxc1 20. Qxc1 Rxf8 21.
Qh6 Qf7 22. Ng5 Qg7 23. Qh4 Nh5 24. Nxe6 Bxe6 25. Rxe6 Nf4 26. Re3 Qxd4 27. Kh2 Ne5 28. Bf1 Nc6 29. Rf3 Qe5 30. g3 Ne6 31. Rxf8+ Nxf8 32. Nxd5 Nd4 33. Bg2 Kg7 34. Qf4 1-0

[Event "*** Qualifier 1: Titled Tuesday 3|2 Blitz"]
[Site "Chess.com"]
[Date "2017.04.04"]
[Round "10"]
[White "Bad4life"]
[Black "michaelk123"]
[Result "1-0"]
[WhiteElo "2300"]
[BlackElo "2244"]
[TimeControl "180+2"]
[EndTime "15:19:59 PDT"]
[Termination "Bad4life won by checkmate"]

1. e4 c5 2. Nf3 e6 3. b3 a6 4. Bb2 Nc6 5. c4 d6 6. d4 cxd4 7. Nxd4 Nf6 8. Nc3 Be7 9. Be2 O-O 10.
O-O Bd7 11. Kh1 Re8 12. f4 Bf8 13. Nf3 g6 14. Qd2 Qc7 15. Rad1 Rad8 16. Bd3 Bg7 17. Bb1 Bc8 18. Qe1 b6 19. Qh4 h5 20. Rc1 Qe7 21. Rce1 Bb7 22. Ng5 Nh7 23. Nd5 exd5 24. exd5 Qf8 25. Bxg7 Qxg7 26. dxc6 Bxc6 27. Re7 Rxe7 28.
Nxh7 Kxh7 29. Qxe7 Re8 30. Qxd6 Ba8 31. f5 Qb2 32.
fxg6+ Kh8 33. Qg3 Re2 34. gxf7 Bxg2+ 35. Qxg2 Rxg2 36. f8=Q+ Rg8 37. Qh6# 1-0

[Event "*** Qualifier 1: Titled Tuesday 3|2 Blitz"]
[Site "Chess.com"]
[Date "2017.04.04"]
[Round "10"]
[White "pKiLz5Rn9b"]
[Black "EvgenyT"]
[Result "1-0"]
[WhiteElo "2618"]
[BlackElo "2474"]
[TimeControl "180+2"]
[EndTime "15:20:01 PDT"]
[Termination "pKiLz5Rn9b won on time"]

1. d4 Nf6 2. Nf3 e6 3. Nbd2 c5 4. e4 d5 5. exd5 exd5 6. Bb5+ Nc6 7. O-O Be7 8. dxc5 Bxc5 9. Re1+ Be6 10. Nb3 Bb6 11.
Nbd4 O-O 12. Bxc6 bxc6 13. Nxc6 Qd6 14. Ncd4 Bg4 15. h3 Bh5 16. Be3 Bg6 17. c3 Rfe8 18. a4 a6 19. Nh4 Bc7 20. g3 Qd7 21. Nxg6 hxg6 22. Kg2 Rab8 23. b4 Ne4 24. Qd3 Rb6 25. Nf3 Rc6 26. Bd4 Bb6 27. b5 axb5 28. axb5 Rce6 29. Ra6 Bxd4 30. Rxe6 Qxe6 31. Nxd4 Qb6 32.
Ra1 Rc8 33. Ra6 Qc5 34. b6 Rb8 35. Qf3 1-0

[Event "*** Qualifier 1: Titled Tuesday 3|2 Blitz"]
[Site "Chess.com"]
[Date "2017.04.04"]
[Round "10"]
[White "rasmussvane"]
[Black "Spartakus1975"]
[Result "1-0"]
[WhiteElo "2528"]
[BlackElo "2515"]
[TimeControl "180+2"]
[EndTime "15:20:07 PDT"]
[Termination "rasmussvane won by resignation"]

1. Nf3 d5 2. d4 Nf6 3. c4 c6 4. e3 a6 5. Nbd2 Bf5 6. Nh4 Be6 7.
Bd3 g6 8. O-O Bg7 9. b3 O-O 10.
Bb2 Nbd7 11. Rc1 Rc8 12. h3 c5 13. Nhf3 h6 14. Qe2 Qb6 15. Rfd1 Rfd8 16. Qf1 dxc4 17. Nxc4 Qa7 18. Qe2 Nd5 19. Bb1 b5 20. Nce5 Nxe5 21.
Nxe5 cxd4 22. Bxd4 Qb7 23. h4 h5 24. Rxc8 Rxc8 25.
Qb2 Nf6 26. b4 Rd8 27. Bc2 Bd5 28. Bb3 Bxb3 29. Qxb3 e6 30. Rc1 Rc8 31. Qb2 Nd5 32.
Rxc8+ Qxc8 33. a3 Qc7 34. g3 Qc8 35. Nd3 Bxd4 36. Qxd4 Qc4 37. Nc5 Qxd4 38. exd4 Nc7 39. Kg2 Kf8 40. Kf3 Ke7 41. Ke4 Kd6 42. f3 f6 43. g4 hxg4 44. fxg4 f5+ 45. Kf4 Kd5 46. h5 gxh5 47. gxh5 Ne8 48. h6 Nf6 49. Kg5 Nh7+ 50. Kg6 f4 51. Kxh7 f3 52. Nd3 Kxd4 53. Nf2 Ke3 54. Nh3 f2 55. Nxf2 Kxf2 56. Kg6 e5 57. Kf5 e4 58. Kxe4 1-0

[Event "*** Qualifier 1: Titled Tuesday 3|2 Blitz"]
[Site "Chess.com"]
[Date "2017.04.04"]
[Round "10"]
[White "Swarajan"]
[Black "nihalsarin"]
[Result "0-1"]
[WhiteElo "2001"]
[BlackElo "2498"]
[TimeControl "180+2"]
[EndTime "15:20:07 PDT"]
[Termination "nihalsarin won by checkmate"]

1. d4 f5 2. c4 Nf6 3. Nf3 e6 4.
g3 d5 5. Bg2 c6 6. O-O Bd6 7. Nc3 O-O 8. c5 Bc7 9. b4 Ne4 10. Qc2 a5 11. b5 Nxc3 12. Qxc3 cxb5 13. Bg5 Qe8 14. Bf4 Bxf4 15. gxf4 Bd7 16. Rab1 b4 17.
Qe3 Nc6 18. Kh1 Rf6 19. Ng5 Rh6 20. Qg3 Nxd4 21. e3 Ne2 22. Qf3 Nc3 23. Rbc1 Bc6 24.
Qg3 Ne2 25. Qf3 Nxc1 26. Rxc1 d4 27. e4 fxe4 28. Qg4 e3 29. fxe3 dxe3 30. Rd1 Rd8 31. Bxc6 Qxc6+ 32. Kg1 Rd5 33. Re1 Rd2 34. h3 Qxc5 35. Nxe6 Qc3 36. Ng5 Rf6 37. Qh5 h6 38.
Qe8+ Rf8 39. Qe6+ Kh8 40. Nf7+ Kh7 41. Ne5 Rd6 42. Qxd6 Qxe1+ 43. Kg2 Qf2+ 44. Kh1 Qf1+ 45.
Kh2 Qxf4+ 46. Kg2 Qf2+ 47. Kh1 Qf1+ 48. Kh2 Rf2+ 49. Kg3 Qg2+ 50. Kh4 Qg5# 0-1

[Event "*** Qualifier 1: Titled Tuesday 3|2 Blitz"]
[Site "Chess.com"]
[Date "2017.04.04"]
[Round "10"]
[White "penguingm1"]
[Black "Generalas"]
[Result "1-0"]
[WhiteElo "2590"]
[BlackElo "2216"]
[TimeControl "180+2"]
[EndTime "15:20:09 PDT"]
[Termination "penguingm1 won by resignation"]

1. d4 Nf6 2. c4 e6 3. Nc3 Bb4 4. Qc2 c5 5. dxc5 Nc6 6. Nf3 O-O 7. Bg5 h6 8. Bh4 Bxc5 9. e3 Be7 10. a3 d6 11. Rd1 Qb6 12. Bg3 Rd8 13. h3 d5 14. b4 Nxb4 15. axb4 Bxb4 16. Be5 Ne4 17. Bd3 f6 18. Bd4 Qa5 19. O-O Nxc3 20. Ra1 Qc7 21.
Bxc3 Bf8 22. cxd5 Rxd5 23. Rfc1 Bd7 24. Bh7+ Kh8 25. Be4 Rc5 26. Qb2 b5 27. Bxa8 Qb8 28. Be4 Rc4 29. Bd3 Rc8 30. Bd4 e5 31. Bxa7 Rxc1+ 32. Qxc1 Qb7 33. Nd2 Bc6 34. Bf1 f5 35. Bc5 f4 36. Bxf8 fxe3 37. fxe3 Bd5 38. Bb4 Qb6 39. Qc5 Qg6 40. Qf8+ Kh7 41. e4 Be6 42.
Qf3 1-0

[Event "*** Qualifier 1: Titled Tuesday 3|2 Blitz"]
[Site "Chess.com"]
[Date "2017.04.04"]
[Round "10"]
[White "Ilja_Semjonovs"]
[Black "biveklama"]
[Result "0-1"]
[WhiteElo "2145"]
[BlackElo "2196"]
[TimeControl "180+2"]
[EndTime "15:20:19 PDT"]
[Termination "biveklama won by resignation"]

1. e4 c5 2. Nf3 d6 3. d4 cxd4 4.
Nxd4 Nf6 5. Nc3 a6 6. f3 e5 7. Nb3 b5 8. Be3 Bb7 9. Qd2 Be7 10. O-O-O Nbd7 11. g4 b4 12. Nd5 Nxd5 13. exd5 a5 14. g5 Nb6 15. Bxb6 Qxb6 16. f4 a4 17. Na1 exf4 18.
Qxf4 O-O 19. h4 a3 20. b3 Rac8 21. Bd3 Qc5 22. h5 Bxd5 23. Qf5 g6 24. hxg6 fxg6 25. Qh3 Bxg5+ 26. Kb1 h6 27. Bxg6 Bxh1 28. Qe6+ Kg7 29. Rxh1 Rf6 30. Qe7+ Kxg6 31. Qe4+ Kg7 32. Qe7+ Rf7 33.
Qe4 Qc3 34. Qd4+ Qxd4 0-1

[Event "*** Qualifier 1: Titled Tuesday 3|2 Blitz"]
[Site "Chess.com"]
[Date "2017.04.04"]
[Round "10"]
[White "SergeiAza"]
[Black "PelinGorki"]
[Result "1-0"]
[WhiteElo "2637"]
[BlackElo "2395"]
[TimeControl "180+2"]
[EndTime "15:20:22 PDT"]
[Termination "SergeiAza won by resignation"]

1. e4 d6 2. d4 Nf6 3. Nc3 c6 4. Nf3 Bg4 5. Be2 e6 6. O-O Be7 7. a4 d5 8. e5 Nfd7 9. Ne1 Bxe2 10.
Nxe2 c5 11. c3 Nc6 12. f4 g6 13. Be3 Qc7 14. b3 O-O-O 15. Nd3 Na5 16. Bf2 c4 17. bxc4 Nxc4 18. a5 Nxa5 19. Qa4 b6 20. Rfb1 Nb8 21. Nc5 Nbc6 22. Na6 Qd7 23. Nc1 Nc4 24. Nd3 N6a5 25. Qa2 h5 26. Nb2 h4 27. h3 Qb7 28. Nxc4 Nxc4 29.
Nc5 Bxc5 30. dxc5 g5 31. Qxa7 gxf4 32. cxb6 f3 33. Qxb7+ Kxb7 34. Ra7+ Kb8 35. b7 fxg2 36. Kxg2 Rhg8+ 37. Kh2 d4 38. Bxd4 Rge8 39. Rb4 Rxd4 40. Ra8+ Kc7 41. Rxe8 Rd2+ 42. Kg1 Rd1+ 43. Kf2 Rd2+ 44.
Ke1 1-0

[Event "*** Qualifier 1: Titled Tuesday 3|2 Blitz"]
[Site "Chess.com"]
[Date "2017.04.04"]
[Round "10"]
[White "scrapnel"]
[Black "PowerThinking2650"]
[Result "1-0"]
[WhiteElo "2275"]
[BlackElo "2177"]
[TimeControl "180+2"]
[EndTime "15:20:26 PDT"]
[Termination "scrapnel won by resignation"]

1. Nf3 Nf6 2. c4 g6 3. b3 Bg7 4.
Bb2 O-O 5. g3 d6 6. d4 c5 7. Bg2 Ne4 8. O-O Nc6 9. e3 cxd4 10.
Nxd4 Nxd4 11. exd4 d5 12. cxd5 Nd6 13. Nc3 Bf5 14. Re1 Rc8 15. Rc1 Qd7 16. Qd2 Rfe8 17. Na4 b6 18. Rc6 Bh3 19. Bh1 Nf5 20. Qd3 e6 21. dxe6 Rxe6 22. Rexe6 fxe6 23. Qc4 Rxc6 24. Bxc6 Qd6 25. Bg2 Bxg2 26. Kxg2 Bxd4 27. Nc3 Qe5 28.
Qc8+ Kg7 29. Qb7+ Kh6 30. Bc1+ g5 31. Ne4 Qd5 32. Qxd5 exd5 33. Nxg5 Kg6 34. g4 Nd6 35. f4 Bc3 36. f5+ Nxf5 37. gxf5+ Kxf5 38. Kf3 h6 39.
Nh3 d4 40. Nf2 Ke5 41. Bxh6 Kd5 42. Nd3 a5 43. h4 b5 44. h5 a4 45. Bc1 axb3 46.
axb3 Ba5 47. h6 Bd8 48. Nf4+ Ke5 49. Nh5 1-0

[Event "*** Qualifier 1: Titled Tuesday 3|2 Blitz"]
[Site "Chess.com"]
[Date "2017.04.04"]
[Round "10"]
[White "Buffy7"]
[Black "Sanan_Sjugirov"]
[Result "0-1"]
[WhiteElo "2535"]
[BlackElo "2692"]
[TimeControl "180+2"]
[EndTime "15:20:30 PDT"]
[Termination "Sanan_Sjugirov won by checkmate"]

1. d4 Nf6 2. c4 e6 3. Nc3 Bb4 4.
e3 O-O 5. Ne2 d5 6. a3 Be7 7.
cxd5 exd5 8. Ng3 c6 9. Bd3 Re8 10. O-O a5 11. Qc2 Na6 12. Bd2 Nc7 13. Rad1 Bf8 14.
Kh1 Bd7 15. f3 Ne6 16. Nce2 c5 17. Bc3 c4 18. Bf5 b5 19. e4 b4 20. Bd2 g6 21.
Bh3 dxe4 22. fxe4 Bg7 23. axb4 axb4 24. Bxb4 Ba4 25. Qxc4 Bxd1 26. Rxd1 Ng5 27. Nc3 Nfxe4 28. Ngxe4 Nxe4 29. Nxe4 Rxe4 30. Bc3 Qe7 31. g3 Re8 32. Rf1 Re2 33. Bg4 Re3 34. Qc6 h5 35. Bf3 Re6 36. Qc4 Rf6 37. Bd5 Rxf1+ 38. Qxf1 Qd7 39. Qf3 Rf8 40.
Kg2 Kh7 41. Bc4 Bxd4 42. Bb4 Rb8 43. Ba3 Bxb2 44. Bc5 f5 45. h4 Bg7 46. Ba3 Qd4 47. Bf7 Rc8 48. Kh3 Rc2 49. Qa8 Qg4# 0-1

[Event "*** Qualifier 1: Titled Tuesday 3|2 Blitz"]
[Site "Chess.com"]
[Date "2017.04.04"]
[Round "10"]
[White "dhanushbharadwaj"]
[Black "Rating-Schmating"]
[Result "0-1"]
[WhiteElo "2405"]
[BlackElo "2247"]
[TimeControl "180+2"]
[EndTime "15:20:32 PDT"]
[Termination "Rating-Schmating won by checkmate"]

1. Nf3 e6 2. c4 Nf6 3. b3 c5 4. g3 b6 5. Bg2 Bb7 6. O-O d6 7. Bb2 Nbd7 8. Re1 a6 9. Nc3 Be7 10. e4 O-O 11. d4 cxd4 12. Nxd4 Qc7 13. Rc1 Rfe8 14. h3 Rf8 15. f4 Rad8 16. Kh2 h5 17. Qe2 Rfe8 18. Nf3 Nc5 19. Ng5 g6 20.
Rcd1 Nh7 21. Nxh7 Kxh7 22. Qe3 Bf6 23. Na4 Bxb2 24. Nxb2 f5 25. exf5 exf5 26. Qf2 Ne4 27. Bxe4 Bxe4 28. Rc1 Qc5 29. Re2 Kg7 30. Na4 Qxf2+ 31.
Rxf2 b5 32. cxb5 axb5 33. Rc7+ Kf6 34. Nc3 b4 35. Nb5 Re7 36. Rc4 Bd3 37. Rxb4 Rb8 38. a4 Reb7 39. Rd2 Bxb5 40. axb5 Rxb5 41. Rxb5 Rxb5 42.
Rxd6+ Kf7 43. Rd3 Rb4 44. Kg2 Ke6 45. Kf3 Kf6 46. Ke3 Ke6 47. Kd2 h4 48. Kc3 Re4 49.
b4 hxg3 50. Rxg3 Rxf4 51. Rxg6+ Kd5 52. Rg3 Rc4+ 53. Kb3 Rc1 54. Rg8 f4 55. Rf8 Rf1 56. h4 f3 57. Ka4 Kc4 58. h5 Ra1# 0-1